 Dungeon Crawl Stone Soup version 0.27.1-35-g4d5d836560 (webtiles) character file.

Game seed: 9426125343158864824

10569 tkbsonic5 the Fighter (level 11, -7/95 HPs)
             Began as a Palentonga Monk on Jan 2, 2023.
             Was an Elder of Wu Jian.
             Mangled by an orc warrior (14 damage)
             ... on level 11 of the Dungeon on Jan 8, 2023.
             The game lasted 01:07:39 (13113 turns).

tkbsonic5 the Fighter (Palentonga Monk)            Turns: 13113, Time: 01:07:40

Health: -7/95      AC: 17    Str: 27    XL:     11   Next: 37%
Magic:  11/11      EV:  9    Int: 10    God:    Wu Jian [****..]
Gold:   315        SH: 14    Dex: 13    Spells: 10/10 levels left

rFire    . . .     SeeInvis +   b - +1 hand axe "Hunilini" {flame, +Blink rN+ Str+3}
rCold    x . .     Faith    .   A - +3 kite shield
rNeg     + . .     Spirit   .   F - +0 scale mail "Asteogy" {rPois rC- Str+6}
rPois    +         Reflect  .   u - +0 helmet
rElec    .         Harm     .   l - scarf {repulsion}
rCorr    .         Rampage  .   t - +0 pair of gloves
Will     .....                  (no barding)
Stlth    ..........             i - amulet of magic regeneration
HPRegen  0.25/turn              g - ring of poison resistance
MPRegen  0.37/turn              (no ring)

@: exhausted, repel missiles, curled up
A: large, rugged brown scales 3, see invisible, deformed body, roll 1, armoured
tail, reflexive curl
a: Rolling Charge, Renounce Religion, Evoke Blink, Wall Jump, Serpent's Lash


You were on level 11 of the Dungeon.
You worshipped Wu Jian.
Wu Jian was greatly pleased with you.
You visited 2 branches of the dungeon, and saw 12 of its levels.

You collected 529 gold pieces.
You spent 214 gold pieces at shops.

Inventory:

Hand Weapons
 a - a +0 morningstar
 b - the +1 hand axe "Hunilini" (weapon) {flame, +Blink rN+ Str+3}
   (You found it on level 7 of the Dungeon)

   It burns those it strikes, dealing additional fire damage.
   Big, fiery blades are also staple armaments of hydra-hunters.
   Str:       It affects your strength (+3).
   rN:        It protects you from negative energy.
   +Blink:    It lets you blink.
 d - a +4 vampiric dagger
 h - a +0 hunting sling
 p - a +2 trident of freezing
 z - a +4 long sword
 K - a +1 short sword of venom
Missiles
 c - 83 bolts
 k - 88 sling bullets
 o - 134 arrows
Armour
 j - +0 acid dragon scales
 l - a scarf of repulsion (worn)
 m - a +0 plate armour
 t - a +0 pair of gloves (worn)
 u - a +0 helmet (worn)
 A - a +3 kite shield (worn)
 F - the +0 scale mail "Asteogy" (worn) {rPois rC- Str+6}
   (You found it on level 8 of the Dungeon)

   Str:       It affects your strength (+6).
   rC:        It makes you vulnerable to cold.
   rPois:     It protects you from poison.
Jewellery
 e - a +6 ring of intelligence
 g - a ring of poison resistance (left hand)
 i - an amulet of magic regeneration (around neck)
Wands
 n - a wand of digging (2)
 s - a wand of iceblast (15)
Scrolls
 r - a scroll of silence
 R - 3 scrolls of teleportation
Potions
 f - 2 potions of magic
 q - 2 potions of brilliance
 B - a potion of cancellation
 M - 2 potions of mutation


   Skills:
 * Level 9.4 Fighting
 * Level 9.2(9.7) Axes
 - Level 1.0(5.8) Maces & Flails
 - Level 4.2(6.8) Polearms
 + Level 5.6 Armour
 + Level 6.2 Dodging
 - Level 1.2 Stealth
 + Level 6.1 Shields


You had 10 spell levels left.
You didn't know any spells.
Your spell library contained the following spells:

 Spells                   Type           Power      Damage    Failure   Level
 Apportation              Tloc           0%         N/A       83%         1
 Sting                    Tmut/Pois      0%         1d3       83%         1
 Summon Small Mammal      Summ           0%         N/A       83%         1
 Blink                    Tloc           N/A        N/A       92%         2
 Call Canine Familiar     Summ           0%         N/A       99%         3
 Dazzling Flash           Conj/Hex       0%         N/A       99%         3
 Frozen Ramparts          Ice            0%         1d2       99%         3
 Lesser Beckoning         Tloc           0%         N/A       99%         3
 Spider Form              Tmut/Pois      0%         N/A       99%         3
 Summon Guardian Golem    Hex/Summ       0%         N/A       99%         3
 Ice Form                 Ice/Tmut       0%         N/A       100%        4
 Iskenderun's Mystic Bla  Conj/Tloc      0%         2d3       100%        4
 Summon Ice Beast         Ice/Summ       0%         N/A       100%        4
 Alistair's Intoxication  Tmut/Pois      0%         N/A       100%        5
 Manifold Assault         Tloc           0%         N/A       100%        5
 Invisibility             Hex            0%         N/A       100%        6
 Starburst                Conj/Fire      0%         6d3       100%        6
 Orb of Destruction       Conj           0%         N/A       100%        7
 Spellforged Servitor     Conj/Summ      0%         N/A       100%        7


Dungeon Overview and Level Annotations

Branches:
Dungeon (11/15)            Temple (1/1) D:4            Lair (0/6) D:11
    Orc (0/2) D:10

Altars:
Ashenzari
Cheibriados
Dithmenos
Fedhas
Gozag
Hepliaklqana
Kikubaaqudgha
Nemelex Xobeh
Okawaru
Sif Muna
Trog
Uskayaw
Wu Jian
Xom

Shops:
D:8 *   D:9 ?


Innate Abilities, Weirdness & Mutations

You are completely covered in rugged brown scales. (AC +3, +7% HP)
You have supernaturally acute eyesight. (SInv)
Armour fits poorly on your strangely shaped body.
You can roll at nearby foes to attack.
You have a long armoured tail.
You curl defensively after being hit.


Message History

The orc warrior is lightly wounded.
You see here a curare-tipped dart.
You spin and attack the orc warrior, with incredible momentum.
You hit the orc warrior.
The orc warrior is moderately wounded.
Your supernatural speed expires.
Things that are here:
a +0 giant club; a poisoned dart You hit the orc warrior.
The orc warrior looks as sick as possible!
The orc warrior is moderately wounded.
The orc warrior hits you with a +0 battleaxe!!
* * * LOW HITPOINT WARNING * * *
Okay, then.
Okay, then.
Your +1 short sword of venom stops dripping with poison.
You feel stronger.
The +1 hand axe "Hunilini" {flame, +Blink rN+ Str+3} bursts into flame!
b - the +1 hand axe "Hunilini" (weapon)
{flame, +Blink rN+ Str+3} You block the orc warrior's attack.
You blink.
Okay, then.
Roll where?
Press: ? - help, Dir - move target, f - orc warrior
Aim: an orc warrior, wielding a +0 battleaxe and wearing a +0 plate armour (heavily wounded, extremely poisoned)
You roll forward with a clatter of scales!
You hit the orc warrior. You burn the orc warrior.
The orc warrior is severely wounded.
You block the orc warrior's attack.
You blink.
You hit the orc warrior but do no damage.
You tail-slap the orc warrior, but do no damage.
The orc warrior is severely wounded.
You hit the orc warrior but do no damage.
The orc warrior is almost dead.
You block the orc warrior's attack.
You closely miss the orc warrior.
Your tail-slap misses the orc warrior.
The orc warrior is almost dead.
The orc warrior hits you with a +0 battleaxe!
You die...

.......##########.......#
#:...............#######
#................#
#................#
#................#
#.....)..........#
###.)..$########...
#.))..# #.... #..(o@#
..... #..().#+## .....
###)#....# #..).#....+
#..((#....# #...(#....#
#...(....(# #..........
##..########


You could see an orc warrior (very poisoned).

Vanquished Creatures
  Harold (D:8)
  2 two-headed ogres
  Erica (D:10)
  Nergalle (D:10)
  Pikel (D:8)
  An ugly thing (D:11)
  A manticore (D:11)
  A cyclops (D:11)
  An unseen horror (D:11)
  2 trolls (D:10)
  2 shadows
  2 wyverns
  A steam dragon (D:9)
  4 vampire mosquitoes (D:11)
  An acid dragon (D:10)
  A water moccasin (D:6)
  7 orc warriors
  3 ogres
  4 centaurs
  A lemure (D:8)
  A kobold brigand (D:8)
  A phantom (D:5)
  Blork the orc (D:6)
  A gnoll sergeant (D:9)
  9 killer bees (D:9)
  5 wights (D:8)
  5 howler monkeys
  4 electric eels (D:10)
  9 orc priests
  A centaur zombie (D:10)
  A jelly (D:6)
  2 gnoll shamans
  A hound (D:6)
  Natasha (thrice) (D:3)
  2 iguanas
  7 orc wizards
  2 killer bee zombies
  Robin (D:3)
  26 gnolls
  3 adders
  A white imp (D:7)
  An ufetubus (D:4)
  4 worms
  3 dart slugs
  43 orcs
  5 endoplasms
  2 giant cockroaches
  19 goblins
  9 hobgoblins
  4 quokkas
  3 ball pythons
  4 bats
  A frilled lizard (D:3)
  9 kobolds
  A rat (D:3)
232 creatures vanquished.

Vanquished Creatures (others)
  48 plants (D:10)
48 creatures vanquished.

Grand Total: 280 creatures vanquished

Notes
Turn   | Place    | Note
-------+----------+-------------------------------------------
     0 | D:1      | tkbsonic5 the Palentonga Monk began the quest for the Orb.
     0 | D:1      | Reached XP level 1. HP: 19/19 MP: 1/1
   197 | D:1      | Reached XP level 2. HP: 25/25 MP: 2/2
  1541 | D:2      | Reached XP level 3. HP: 31/31 MP: 3/3
  2605 | D:1      | Reached skill level 1 in Maces & Flails
  2852 | D:1      | Reached XP level 4. HP: 8/39 MP: 4/4
  3641 | D:3      | Identified a scroll of acquirement
  3641 | D:3      | Acquired a scarf of repulsion
  3652 | D:3      | Noticed Robin
  3990 | D:2      | Reached skill level 1 in Polearms
  3996 | D:3      | Killed Robin
  4024 | D:3      | Reached XP level 5. HP: 38/44 MP: 5/5
  4159 | D:3      | Noticed Natasha
  4166 | D:3      | Killed Natasha
  4213 | D:3      | Noticed Natasha
  4216 | D:3      | Killed Natasha
  4217 | D:3      | Reached skill level 1 in Armour
  4336 | D:3      | Noticed Natasha
  4342 | D:3      | Killed Natasha
  4545 | D:3      | Reached XP level 6. HP: 15/52 MP: 6/6
  4950 | D:4      | Found a staircase to the Ecumenical Temple.
  5004 | D:4      | Got Noner's Compendium of Creative Poisoning
  5021 | Temple   | Entered the Ecumenical Temple
  5128 | Temple   | Became a worshipper of the Wu Jian Council
  5128 | Temple   | Reached * piety under Wu Jian
  5128 | Temple   | Reached ** piety under Wu Jian
  5523 | D:4      | Reached skill level 5 in Fighting
  5810 | D:5      | Entered Level 5 of the Dungeon
  5866 | D:5      | Gained mutation: You curl defensively after being hit.
                  | [Palentonga growth]
  5866 | D:5      | Reached XP level 7. HP: 33/59 MP: 7/7
  6429 | D:5      | You fall into a shaft and drop 1 floor!
  6957 | D:6      | Noticed Blork the orc
  6967 | D:6      | Killed Blork the orc
  6968 | D:6      | Reached skill level 1 in Shields
  7028 | D:6      | Found a shimmering blue altar of Sif Muna.
  7415 | D:6      | Reached XP level 8. HP: 24/68 MP: 8/8
  7887 | D:7      | Identified the +1 hand axe "Hunilini" {flame, +Blink rN+
                  | Str+3}
  8429 | D:8      | Reached *** piety under Wu Jian
  8506 | D:8      | Identified the +0 scale mail "Asteogy" {rPois rC- Str+6}
  8548 | D:8      | Found a bloodstained altar of Trog.
  8864 | D:8      | Found Yngaick's Overcharged Wands.
  9154 | D:8      | Noticed Harold
  9173 | D:8      | Killed Harold
  9174 | D:8      | Reached skill level 5 in Axes
  9174 | D:8      | Reached XP level 9. HP: 77/77 MP: 9/9
  9256 | D:8      | Noticed Pikel
  9279 | D:8      | Killed Pikel
  9594 | D:9      | Reached skill level 5 in Dodging
  9594 | D:9      | Reached XP level 10. HP: 34/85 MP: 10/10
 10031 | D:9      | Found a snail-covered altar of Cheibriados.
 10133 | D:9      | Identified the +1 robe "Picaenas" {rF- Str+6}
 10191 | D:9      | Found Kesuckao's Magic Scroll Emporium.
 10201 | D:9      | Bought a scroll of identify for 26 gold pieces
 10201 | D:9      | Bought a scroll of blinking for 97 gold pieces
 10201 | D:9      | Bought a scroll of identify for 26 gold pieces
 10201 | D:9      | Bought a scroll of identify for 26 gold pieces
 10201 | D:9      | Bought a scroll of teleportation for 39 gold pieces
 10410 | D:10     | Entered Level 10 of the Dungeon
 10466 | D:10     | Noticed a two-headed ogre
 10478 | D:10     | Reached **** piety under Wu Jian
 10478 | D:10     | Noticed Erica
 10695 | D:9      | Killed a two-headed ogre
 10696 | D:9      | Reached skill level 5 in Shields
 10718 | D:10     | Killed Erica
 11171 | D:10     | Found a staircase to the Orcish Mines.
 11226 | D:10     | Noticed Nergalle
 11242 | D:10     | Noticed a spectral orc warlord
 11247 | D:10     | Killed Nergalle
 11248 | D:10     | Reached skill level 5 in Armour
 12380 | D:10     | Reached XP level 11. HP: 62/95 MP: 11/11
 12582 | D:10     | Found an iron altar of Okawaru.
 12585 | D:10     | Found a blossoming altar of Fedhas.
 12588 | D:10     | Found a hide-covered altar of Uskayaw.
 12884 | D:11     | Found a staircase to the Lair.
 13044 | D:11     | Noticed a two-headed ogre
 13050 | D:11     | Noticed a purple ugly thing
 13050 | D:11     | Killed a two-headed ogre
 13056 | D:11     | Killed a purple ugly thing
 13113 | D:11     | Mangled by an orc warrior

Illustrated notes

Levels and vault maps discovered:
D:1:      lightli_arrival_quake, layout_basic
D:2:      layout_loops_corners
D:3:      layout_rooms, uniq_natasha, uniq_robin
D:4:      layout_rooms, minmay_temple_entry_mini_moons,
          nicolae_ossuary_entry_ruins, minmay_ogre_servants
D:5:      layout_basic
D:6:      layout_loops_ring, mainiacjoe_overflow_tiny_flanked,
          uniq_blork_the_orc
D:7:      layout_cave_pools
D:8:      layout_rooms, mainiacjoe_overflow_24_doors, serial_corexii_hall,
          chequers_hall_statues_wall_a, corexii_hall_statues_l,
          corexii_hall_statues_s, nicolae_shop_overcharged_wands, uniq_harold,
          uniq_pikel
D:9:      layout_cave_pools, cheibrodos_worm_habitat, serial_shops,
          nicolae_square_shop
D:10:     layout_rooms, grunt_temple_overflow_diamond, david_orc_4,
          serial_bayou_lagoon_a, corner_web_ring, serial_park_tiny_1,
          serial_bayou_lake_a, uniq_erica, uniq_nergalle
D:11:     layout_gridville, lair_entry_dummy, special_room [special_room_orc]
Temple:   regret_index_temple_sphere_string

Skill      XL: |  1  2  3  4  5  6  7  8  9 10 11 |
---------------+----------------------------------+-----
Maces & Flails | 1 |  1.0
Fighting       | 4 5 6 7 8 9 |  9.4
Polearms       | 1 2 3 4 |  4.2
Armour         | 1 2 3 4 5 |  5.6
Dodging        | 3 4 5 6 |  6.2
Shields        | 1 3 4 5 6 |  6.1
Axes           | 5 6 8 9 |  9.2
Stealth        | |  1.2

Action                   |  1- 3 |  4- 6 |  7- 9 | 10-12 || total
-------------------------+-------+-------+-------+-------++-------
Melee: Hand axe          |    59 |       |   142 |   237 ||   438
       Tailslap          |    14 |    22 |    37 |    51 ||   124
       Mace              |     8 |       |       |       ||     8
       Halberd           |    12 |    92 |    37 |       ||   141
       Spear             |       |    63 |    80 |       ||   143
       Short sword       |       |       |       |    22 ||    22
       Trident           |       |       |       |    18 ||    18
       Dagger            |       |       |       |     6 ||     6
 Fire: Hunting sling     |       |     4 |     3 |       ||     7
Throw: Dart              |       |    14 |    54 |    56 ||   124
       Throwing net      |       |       |    17 |     1 ||    18
Invok: Whirlwind         |       |     2 |     1 |    15 ||    18
       Lunge             |       |       |     2 |     4 ||     6
       Serpent's Lash    |       |       |     1 |    10 ||    11
 Abil: Rolling Charge    |    28 |    28 |    24 |    28 ||   108
       Wall Jump         |       |     1 |     4 |     2 ||     7
       Evoke Blink       |       |       |     3 |     3 ||     6
Evoke: Wand              |       |     2 |    28 |     6 ||    36
  Use: Scroll            |     5 |     7 |    11 |     6 ||    29
       Potion            |     4 |     1 |     4 |     4 ||    13
 Stab: Held in net/web   |       |       |     4 |       ||     4
       Paralysed         |       |       |       |     7 ||     7
Armor: Robe              |    38 |    44 |    56 |       ||   138
       Scale mail        |       |       |    38 |    74 ||   112
Dodge: Dodged            |    56 |   108 |    85 |    87 ||   336
       Repelled          |       |       |     1 |     2 ||     3
Block: Kite shield       |       |       |   151 |   197 ||   348
